 Dungeon Crawl Stone Soup version 0.17-a0-2028-g5c22979 (webtiles) character file.

34 Jackolantern the Skirmisher (level 3, -4/31 HPs)
             Began as a Human Wanderer on Oct 10, 2015.
             Was an Initiate of Fedhas.
             Killed from afar by Sigmund (6 damage)
             ... with a magic dart
             ... on level 3 of the Dungeon.
             The game lasted 00:05:18 (950 turns).

Jackolantern the Skirmisher (Human Wanderer)         Turns: 950, Time: 00:05:18

Health: -4/31      AC:  9    Str: 17    XL:     3   Next: 50%
Magic:  5/5        EV:  6    Int: 11    God:    Fedhas [......]
Gold:   63         SH:  0    Dex:  9    Spells: 0 memorised, 5 levels left

rFire  . . .     SeeInvis .     c - +0 shortbow
rCold  . . .     Clarity  .     s - +0 chain mail
rNeg   . . .     SustAt   .     (no shield)
rPois  .         Gourm    .     h - +0 helmet
rElec  .         Spirit   .     (no cloak)
rCorr  .         Warding  .     (no gloves)
rMut   .         Stasis   .     (no boots)
MR     .....                    (no amulet)
Stlth  ..........               (no ring)
                                (no ring)

@: not resistant to hostile enchantments, extremely unstealthy
A: no striking features
a: Renounce Religion


You were on level 3 of the Dungeon.
You worshipped Fedhas.
Fedhas was noncommittal.
You were not hungry.

You visited 1 branch of the dungeon, and saw 3 of its levels.

You collected 63 gold pieces.

Inventory:

Hand Weapons
 a - a +2 quarterstaff
 c - a +0 shortbow (weapon)
 q - a +2 whip of draining
Missiles
 d - 33 arrows (quivered)
Armour
 h - a +0 helmet (worn)
 s - a +0 chain mail (worn)
Scrolls
 g - a scroll of fear {unknown}
 j - 4 scrolls of recharging {unknown}
 l - a scroll of blinking {unknown}
 n - 3 scrolls of identify {unknown}
 o - 3 scrolls of fog {unknown}
 r - a scroll of amnesia {unknown}
Potions
 i - a potion of heal wounds {unknown}
 k - a potion of brilliance {unknown}
 p - a potion of lignification {unknown}
Comestibles
 f - 3 bread rations
 m - 9 fruits
 t - a beef jerky


   Skills:
 * Level 4.4 Fighting
 - Level 2.0 Staves
 + Level 2.2 Bows
 - Level 1.0 Throwing
 + Level 0.7 Stealth
   Level 1.0 Shields
 * Level 1.5 Spellcasting


You had 5 spell levels left.
You didn't know any spells.

Dungeon Overview and Level Annotations

Branches:
Dungeon (3/15)

Altars:
Elyvilon
Fedhas

Annotations:
D:3 Sigmund


Message History

You shoot an arrow.
You feel less confused.
Sigmund hits you from afar with a scythe!
* * * LOW HITPOINT WARNING * * *
Unknown command.
As you read the scroll of teleportation, it crumbles to dust.
You feel strangely unstable.
Sigmund hits you from afar with a scythe.
* * * LOW HITPOINT WARNING * * *
You see here an arrow.
Sigmund is nearby!
As you read the scroll of teleportation, it crumbles to dust.
You feel strangely stable.
Unknown command.
Sigmund hits you from afar with a scythe.
* * * LOW HITPOINT WARNING * * *
Sigmund gestures at you while chanting. The magic dart hits you!
You die...
Fedhas appreciates your contribution to the ecosystem.

#.######...#####.......########
#..r...........................
######.#...#####.......########
#.................#
#..###.###........# #.@#
#........# #..# #.......## #..#
#..###### #..# #@.# ##.# #.(#
#.#######..# #()(((.....#
#####...@(.# ########


You could see Sigmund.

Vanquished Creatures
  An adder (D:2)
  An ooze (D:2)
  A worm (D:2)
  5 hobgoblins
  3 quokkas
  4 bats
  2 giant newts (D:2)
  2 kobolds
  A rat (D:2)
20 creatures vanquished.

Vanquished Creatures (others)
  3 toadstools (D:2)
3 creatures vanquished.

Grand Total: 23 creatures vanquished

Notes
Turn   | Place    | Note
--------------------------------------------------------------
     0 | D:1      | Jackolantern the Human Wanderer began the quest for the Orb.
     0 | D:1      | Jackolantern set off with: a +2 quarterstaff, a scroll of teleportation, a +0 shortbow, 23 arrows, a +0 robe, a bread ration
     0 | D:1      | Reached XP level 1. HP: 19/19 MP: 1/1
   156 | D:1      | Reached XP level 2. HP: 23/25 MP: 2/2
   190 | D:2      | Found a blossoming altar of Fedhas.
   200 | D:2      | Became a worshipper of Fedhas Madash
   205 | D:2      | Noticed an oklob plant
   334 | D:2      | Reached skill level 1 in Spellcasting
   391 | D:2      | Reached XP level 3. HP: 31/31 MP: 4/4
   851 | D:2      | You fall through a shaft!
   886 | D:3      | Noticed Sigmund
   897 | D:3      | Found a white marble altar of Elyvilon.
   950 | D:3      | Killed from afar by Sigmund

Vault maps used:
D:1:      ncdulo_watergridlock
D:2:      tgw_fedhas, first_bread, serial_bayou_lagoon_a
D:3:      elyvilon_altar_5, minmay_misc_feat_enclosed, uniq_sigmund

Action                   || total
-------------------------++-------
 Fire: Shortbow          ||    61
  Use: Scroll            ||     2
